 Dungeon Crawl Stone Soup version 0.31-a0-1301-g7e11add784 (webtiles) character file.

Game seed: 14697739397793581108

4 Bnni the Digger (level 1, -1/13 HPs)
             Began as a Formicid Earth Elementalist on Dec 19, 2023.
             Slain by a hobgoblin (4 damage)
             ... on level 1 of the Dungeon.
             The game lasted 00:01:03 (171 turns).

Bnni the Digger (Formicid Earth Elementalist)        Turns: 171, Time: 00:01:03

Health: -1/13      AC:  2    Str: 12    XL:     1   Next: 66%
Magic:  0/3        EV: 12    Int: 14    God:
Gold:   0          SH:  0    Dex: 14    Spells: 3/4 levels left

rFire   . . .        (no weapon)
rCold   . . .        (no shield)
rNeg    . . .        a - +0 robe
rPois   .            (helmet unavailable)
rElec   .            (no cloak)
rCorr   .            (no gloves)
SInv    +            (no boots)
Will    .....        (no amulet)
Stlth   ++           (no ring)
HPRegen 0.22/turn    (no ring)
MPRegen 0.08/turn

%: no passive effects
@: no status effects
A: permanent stasis, dig shafts and tunnels, antennae 3, four strong arms
a: Dig, Shaft Self


You were on level 1 of the Dungeon.
You visited 1 branch of the dungeon, and saw 1 of its levels.

Inventory:

Armour
 a - a +0 robe (worn)
Potions
 b - a potion of magic


   Skills:
 + Level 0.2 Fighting
 - Level 1.7 Dodging
 - Level 2.4 Stealth
 + Level 2.2 Spellcasting
 * Level 1.3 Transmutations
 * Level 3.7 Earth Magic


You had 3 spell levels left.
You knew the following spells:

 Your Spells              Type           Power      Damage    Failure   Level
a - Sandblast             Erth           24%        2d8       4%          1

Your spell library contained the following spells:

 Spells                   Type           Power      Damage    Failure   Level
 Passwall                 Tmut/Erth      6%         N/A       12%         2
 Stone Arrow              Conj/Erth      12%        3d7       32%         3
 Petrify                  Tmut/Erth      8%         N/A       63%         4
 Brom's Barrelling Bould  Conj/Erth      6%         2d3       71%         4


Dungeon Overview and Level Annotations

Branches:
Dungeon (1/15)

Altars:


Innate Abilities, Weirdness & Mutations

You cannot be hasted, slowed, berserked, paralysed or teleported.
You can dig through walls and to a lower floor.
You have a pair of large antennae on your head. (SInv)
Your four strong arms can wield two-handed weapons with a shield.


Message History

The hobgoblin closely misses you.
A rat comes into view.
The hobgoblin barely misses you.
Aiming: Sandblast (safe; 4% risk of failure)
Press: ? - help, Q - select action, (/) - cycle Shift-Dir - straight line, f/p - hobgoblin
Aim: a hobgoblin (lightly wounded, 82% to hit)
The blast of sand hits the hobgoblin but does no damage.
The hobgoblin is lightly wounded.
The rat squeaks loudly.
The hobgoblin hits you but does no damage.
Unknown command.
You don't have enough magic to cast this spell.
Unknown command.
You barely miss the hobgoblin.
The hobgoblin is lightly wounded.
The hobgoblin hits you.
You closely miss the hobgoblin.
The hobgoblin is lightly wounded.
The hobgoblin hits you.
You are too injured to fight recklessly!
You hit the hobgoblin.
The hobgoblin is severely wounded.
The hobgoblin hits you.
* * * LOW HITPOINT WARNING * * *
You hit the hobgoblin.
The hobgoblin is almost dead.
The hobgoblin misses you. The rat bites you but does no damage.
You hit the hobgoblin but do no damage.
The hobgoblin is almost dead.
The hobgoblin hits you.
* * * LOW HITPOINT WARNING * * *
The rat closely misses you.
You hit the hobgoblin but do no damage.
The hobgoblin is almost dead.
The hobgoblin closely misses you. The rat closely misses you.
Unknown command.
You hit the hobgoblin but do no damage.
The hobgoblin is almost dead.
The hobgoblin hits you.
You die...

#.#.. #.#.###
#..... .# #....
.# # #.#.## .#
#### ###....##.#
...+ +.........#
#### #r?.....# #
#@#.....# { {
#g###.#.# #
#.###.#.# # #+#
#.......# # #.#
#####.### #
#.##### #.# #
##.#...# #.#
#######......#
#.#
.............####
#.#


You could see a hobgoblin and a rat.

Vanquished Creatures
  A ball python (D:1)
  An endoplasm (D:1)
  A giant cockroach (D:1)
3 creatures vanquished.

Notes
Turn   | Place    | Note
-------+----------+-------------------------------------------
     0 | D:1      | Bnni the Formicid Earth Elementalist began the quest for
                  | the Orb.
     0 | D:1      | Reached XP level 1. HP: 13/13 MP: 3/3
   171 | D:1      | Slain by a hobgoblin

Illustrated notes

Levels and vault maps discovered:
D:1:      giann_forest_graveyard, layout_loops_corners,
          ebering_ecumenical_altar_box, serial_shops, nicolae_shop_drivethru,
          serial_bayou_pond_b

Action                     || total
---------------------------++-------
  Melee: Unarmed           ||    24
   Cast: Sandblast         ||     9
 Armour: Robe              ||    22
  Dodge: Dodged            ||    19

Table legend: (Time is in decaauts)
 A = Elapsed time spent in this place.
 B = Non-inter-level travel time spent in this place.
 C = Inter-level travel time spent in this place.
 D = Time resting spent in this place.
 E = Time spent auto-exploring this place.
 F = Levels seen in this place.
 G = Mean time per level.
                   A        B        C        D        E       F      G
               +--------+--------+--------+--------+--------+-----+--------+
         Total |    175 |    175 |      0 |      0 |    123 |   1 |  175.0 |
       Dungeon |    175 |    175 |      0 |      0 |    123 |   1 |  175.0 |
               +--------+--------+--------+--------+--------+-----+--------+

Top non-repeatable levels by time:
     D:1: 175 daAuts
